Unix NetHack Version 5.0.0-0 post-release - last build May 30 2026 05:04:26 (55804bc15828dd6e32e9076e0726aa6fccb6e981,branch:main).

Game began 2026-05-30 06:20:22, ended 2026-05-30 06:36:18.

Atomicjoy, chaotic male elven Wizard

                     ----
                     -..--
                     ....--
                     .....|
                      G..-|
                  .GG.G...---
                  G@hG......|
                  .--.......|
                    --#....-
                       -<.-
                       |..

Atomicjoy the Evoker      St:9 Dx:10 Co:15 In:19 Wi:13 Ch:10  Chaotic
Dlvl:4  $:63 HP:0(16) Pw:7(7) AC:1  Xp:1/5 T:1639  Burdened

Latest messages:
 The gnome lord shoots 2 crossbow bolts!
 The 1st crossbow bolt hits the gnome lord!
 The 2nd crossbow bolt misses the gnome lord.
 The 2nd crossbow bolt hits the gnome.
 You are caught in a bear trap.
 The gnome lord shoots 3 crossbow bolts!
 The 1st crossbow bolt hits the gnome lord.
 The 2nd crossbow bolt misses the gnome lord.
 The 2nd crossbow bolt hits the gnome.
 The gnome is killed!
 The 3rd crossbow bolt hits the gnome lord.
 You are caught in a bear trap.
 You finally wriggle free.
 The gnome lord picks up 3 crossbow bolts.
 The gnome lord is hit by a rock!
 The gnome lord is killed!
 The gnome lord throws a dagger!
 The dagger slips as the gnome lord throws it!
 There is nothing here to pick up.
 The dwarf picks up 7 gold pieces.
 You fall down the stairs.
 Your leg feels better.
 The gnome hits!
 The gnome wields a thonged club!
 The gnome secures the tether on the thonged club.
 The thonged club welds itself to the gnome's hand!
 The gnome throws a thonged club!
 The thonged club misses the gnome.
 A thonged club misses you.
 The thonged club returns to the gnome's hand!
 The gnome lord throws a dagger!
 You are hit by a dagger.
 The dwarf swings her pick-axe.
 The dwarf hits!
 The dwarf picks up a dagger.
 The gnome lord wields 2 daggers!
 You hear rumbling in the distance.
 The gnome swings his thonged club.
 The gnome hits!
 The gnome hits!
 The gnome lord thrusts one of his daggers.
 The gnome lord hits!
 You hear crashing rock.
 The dwarf swings her pick-axe.
 The dwarf misses!
 The gnome swings his thonged club.
 The gnome hits!
 You die...
 Do you want your possessions identified? [ynq] (y) y
 Do you want to see your attributes? [ynq] (y) q

Inventory:
 Coins    ('$')
  $ - 63 gold pieces
 Weapons  (')')
  M - 3 +0 crossbow bolts
  C - a +0 dagger (alternate weapon; not wielded)
  a - a blessed +1 quarterstaff (weapon in hands)
 Armor    ('[')
  I - a blessed +3 helm of telepathy (being worn)
  J - an uncursed +0 pair of high boots (being worn)
  b - an uncursed +0 cloak of magic resistance (being worn)
  K - an uncursed +0 leather armor (being worn)
 Comestibles  ('%')
  v - 2 uncursed food rations
 Scrolls  ('?')
  s - a blessed scroll of confuse monster
  k - an uncursed scroll of destroy armor
  i - an uncursed scroll of enchant weapon
  D - a blessed scroll of light
  x - an uncursed scroll of light
  j - an uncursed scroll of remove curse
 Spellbooks  ('+')
  l - a blessed spellbook of force bolt
  m - an uncursed spellbook of haste self
  E - an uncursed spellbook of restore ability
 Potions  ('!')
  F - an uncursed potion of acid
  t - 2 uncursed potions of healing
  B - a cursed potion of healing
  G - a cursed potion of monster detection
  p - an uncursed potion of object detection
  h - an uncursed potion of polymorph
  f - an uncursed potion of water
  g - an uncursed potion of water
 Rings    ('=')
  d - an uncursed ring of regeneration (on right hand)
  e - an uncursed ring of stealth
 Wands    ('/')
  q - a wand of cold (0:6)
  c - a wand of probing (0:5)
 Tools    ('(')
  o - an uncursed bugle
  n - a magic marker (0:20)
  u - an uncursed mirror

Atomicjoy the Wizard's attributes:

Background:
 You were an Evoker, a level 1 male elven Wizard.
 You were chaotic, on a mission for Anhur
 who was opposed by Ptah (lawful) and Thoth (neutral).
 You were right-handed.
 You were in the Gnomish Mines, on level 4.
 You entered the dungeon 1639 turns ago.
 You had 5 experience points, 15 more were needed to attain level 2.

Basics:
 You had 0 out of 16 hit points.
 You had all 7 energy points (spell power).
 Your armor class was 1.
 Your wallet contained 63 zorkmids.
 Autopickup was off.

Final Characteristics:
 Your strength was 9 (limit:18).
 Your dexterity was 10 (peak:11, limit:18).
 Your constitution was 15 (limit:16).
 Your intelligence was 19 (limit:20).
 Your wisdom was 13 (limit:20).
 Your charisma was 10 (limit:18).

Final Status:
 You weren't hungry.
 You were burdened; movement was slightly slowed.
 You were wielding a quarterstaff.
 You had basic skill with quarterstaff.

Final Attributes:
 You were fervently aligned.
 You were magic-protected.
 You were telepathic.
 You had infravision.
 You regenerated.
 You were warded.
 You are dead.

Miscellaneous:
 You didn't encounter any bones levels.
 Total elapsed playing time was 15 minutes and 54 seconds.

Major events:
 Turn
    1: Atomicjoy the chaotic male elven Wizard entered the dungeon
  699: entered the Gnomish Mines
 1639: killed by a gnome

Spells:
 Name                 Level Category     Fail Retention
 force bolt             1   attack         0%  91%-100%
 haste self             3   escape        87%  76%-100%

Skills:
 Fighting Skills
   bare handed combat [Unskilled]
   riding             [Unskilled]
 Weapon Skills
   dagger             [Unskilled]
   knife              [Unskilled]
   axe                [Unskilled]
   short sword        [Unskilled]
   club               [Unskilled]
   mace               [Unskilled]
   quarterstaff       [Basic]
   polearms           [Unskilled]
   spear              [Unskilled]
   trident            [Unskilled]
   sling              [Unskilled]
   dart               [Unskilled]
   shuriken           [Unskilled]
 Spellcasting Skills
   attack spells      [Basic]
   healing spells     [Unskilled]
   divination spells  [Unskilled]
   enchantment spells [Basic]
   clerical spells    [Unskilled]
   escape spells      [Unskilled]
   matter spells      [Unskilled]

Voluntary challenges:
 Character rerolling was not enabled.
 You were illiterate.
 You never genocided any monsters.
 You never polymorphed an object.
 You never changed form.
 You used no wishes.
Achievements:
 You entered the Gnomish Mines.
 You entered a shop.

 The Dungeons of Doom: levels 1 to 4
    Level 1:
       Many fountains.
    Level 2:
       A fountain.
       Stairs down to The Gnomish Mines.
    Level 3:
       An armor shop.
    Level 4:
 The Gnomish Mines: levels 3 to 4
    Level 3:
    Level 4: <- You were here.
       Final resting place for
          you, killed by a gnome.


Vanquished creatures:
  a shrieker
  a gnome leader
  a kitten
  a dwarf
 an acid blob
  a hobbit
  a giant rat
  6 gnomes
  a gnome zombie
  a gecko
  a jackal
  4 goblins
  2 sewer rats
  a lichen
  a kobold zombie
  a newt
25 creatures vanquished.

No species were genocided or became extinct.

Game over:
                       ----------
                      /          \
                     /    REST    \
                    /      IN      \
                   /     PEACE      \
                  /                  \
                  |    Atomicjoy     |
                  |      63 Au       |
                  |   killed by a    |
                  |      gnome       |
                  |                  |
                  |                  |
                  |       2026       |
                 *|     *  *  *      | *
        _________)/\\_//(\/(/\)/\//\/|_)_______

Goodbye Atomicjoy the Wizard...

You died in The Gnomish Mines on dungeon level 4 with 227 points,
and 63 pieces of gold, after 1639 moves.
You were level 1 with a maximum of 16 hit points when you died.

